 Dungeon Crawl Stone Soup version 0.25-a0-589-g1e14c549ee (webtiles) character file.

Game seed: 16386847862672073744, levelgen mode: deterministic

39 kae the Cudgeler (level 3, -6/28 HPs)
             Began as a Demonspawn Gladiator on Mar 12, 2020.
             Killed by divine providence
             ... invoked by an orc priest
              (13 damage)
             ... on level 3 of the Dungeon.
             The game lasted 00:00:58 (1257 turns).

kae the Cudgeler (Demonspawn Gladiator)             Turns: 1257, Time: 00:00:59

Health: -6/28      AC: 12    Str: 15    XL:     3   Next: 28%
Magic:  3/3        EV: 12    Int:  9    God:
Gold:   59         SH:  0    Dex: 14    Spells: 2/2 levels left

rFire    . . .     SeeInvis .   a - +3 flail
rCold    . . .     Gourm    .   (no shield)
rNeg     . . .     Faith    .   b - +0 leather armour
rPois    +         Spirit   .   c - +0 helmet
rElec    .         Reflect  .   g - +1 cloak
rCorr    .         Harm     .   (no gloves)
MR       .....                  (no boots)
Stlth    ++........             (no amulet)
HPRegen  0.09/turn              m - ring of stealth
MPRegen  0.08/turn              t - ring of poison resistance

@: sanguine armour
A: rot immunity, sanguine armour 1
a: no special abilities


You were on level 3 of the Dungeon.
You were very hungry.

You visited 1 branch of the dungeon, and saw 3 of its levels.

You collected 59 gold pieces.

Inventory:

Hand Weapons
 a - a +3 flail (weapon)
Missiles
 d - 3 throwing nets (quivered)
Armour
 b - a +0 leather armour (worn)
 c - a +0 helmet (worn)
 g - a +1 cloak (worn)
Jewellery
 m - a ring of stealth (left hand)
 t - a ring of poison resistance (right hand)
Scrolls
 e - a scroll of immolation {unknown}
 k - a scroll of blinking
 p - 2 scrolls of remove curse
 q - 2 scrolls of magic mapping
Potions
 h - a potion of resistance
 i - a potion of cancellation {unknown}
 n - a potion of lignification
 o - 2 potions of curing {unknown}
 r - a potion of haste {unknown}
 s - a potion of heal wounds {unknown}
Comestibles
 f - 3 rations


   Skills:
 + Level 2.6 Fighting
 * Level 3.6 Maces & Flails
 - Level 1.7 Throwing
 - Level 2.6 Dodging


You had 2 spell levels left.
You didn't know any spells.
Your spell library was empty.

Dungeon Overview and Level Annotations

Branches:
Dungeon (3/15)

Altars:
Fedhas
The Shining One


Innate Abilities, Weirdness & Mutations

You are immune to rotting.
When seriously injured, your bleeding wounds create armour. (AC +6)


Message History

Your blood congeals into armour.
The quokka bites you but does no damage. x2
You are too injured to fight recklessly!
You are too injured to fight recklessly!
You are too injured to fight recklessly!
You are too injured to fight recklessly!
You are too injured to fight recklessly!
You are too injured to fight recklessly!
You are too injured to fight recklessly!
The jackal barks!
The jackal bites you but does no damage.
The quokka barely misses you.
Your blood armour dries and flakes away.
The orc priest invokes the aid of Beogh against you.
Beogh smites you!
* * * LOW HITPOINT WARNING * * *
Your blood congeals into armour.
The orc priest mumbles some strange prayers to Beogh against you.
Beogh smites you!
You die...

........#........h...
........#............
........#............
........#..o.h.......
.............o######
#........##o.#
.##.....##r.####
##^.......h..#
##.....#...@<+
######..#.........#
.......##...#.....#
.<....###...#.....#
......###...#......
...................#
......#######......#
......# #......#
......# ..


You could see an orc priest, an orc, a quokka and a jackal.

Vanquished Creatures
  2 oozes
  A dart slug (D:1)
  A leopard gecko (D:1)
  A ball python (D:1)
  2 giant cockroaches (D:1)
  4 goblins
  4 hobgoblins
  2 kobolds
  7 bats
24 creatures vanquished.

Notes
Turn   | Place    | Note
-------+----------+-------------------------------------------
     0 | D:1      | kae the Demonspawn Gladiator began the quest for the Orb.
     0 | D:1      | Reached XP level 1. HP: 16/16 MP: 1/1
    47 | D:1      | Reached skill level 3 in Maces & Flails
    57 | D:1      | Gained mutation: You are immune to rotting. [demonic
                  | ancestry]
    57 | D:1      | Reached XP level 2. HP: 19/22 MP: 2/2
   393 | D:1      | Found a glowing golden altar of the Shining One.
   696 | D:2      | Gained mutation: When seriously injured, your bleeding
                  | wounds create armour. (AC +6) [demonic ancestry]
   696 | D:2      | Reached XP level 3. HP: 27/28 MP: 3/3
  1075 | D:2      | Found a blossoming altar of Fedhas.
  1257 | D:3      | Killed from afar by an orc priest

Levels and vault maps discovered:
D:1:      mrwooster_arrival_statue, layout_rooms, tso_altar
D:2:      layout_basic, lemuel_coloured_pillars_altar, first_ration
D:3:      layout_rooms, nicolae_overflow_hidden_temple,
          grunt_temple_overflow_diamond, chequers_ecumenical_altar_island,
          solitary_fountain, lightli_corner_chamber, uniq_sigmund, uniq_ijyb

Skill      XL: |  1 |
---------------+----+-----
Maces & Flails | 3 |  3.6
Fighting       | |  2.6
Throwing       | |  1.7
Dodging        | |  2.6

Action                   || total
-------------------------++-------
Melee: Flail             ||    75
  Use: Scroll            ||    10
Armor: Leather armour    ||    30
Dodge: Dodged            ||    64

Table legend:
 A = Non-vault XP
 B = Vault XP
 C = Vault XP percentage of total XP
 D = Non-vault monster count
 E = Vault monster count
 F = Vault count percentage of total count
                 A         B        C        D         E       F
            +---------+---------+-------+---------+---------+-------
      Total |      57 |       0 |   0.0 |      24 |       0 |   0.0
            +---------+---------+-------+---------+---------+-------
        D:1 |      36 |       0 |   0.0 |      15 |       0 |   0.0
        D:2 |      19 |       0 |   0.0 |       8 |       0 |   0.0
        D:3 |       2 |       0 |   0.0 |       1 |       0 |   0.0
            +---------+---------+-------+---------+---------+-------
